Carnivores vs Sewer Rats

Created - March 25, 2021 at 21:47

Goals
1 2 3 T
Carnivores 1 0 1 2
Sewer Rats 1 1 4 6
Shots
1 2 3 T
Carnivores 16 5 7 28
Sewer Rats 12 8 21 41

1st period

1. Sewer Rats , Joseph Blandisi 28 (Jonathan Marchessault 46, Erik Condra 31) at 11:10
2. Carnivores , Scott Laughton 50 (Blake Geoffrion 41) at 17:22

Penalties :
No Penalty

2nd period

3. Sewer Rats , Vincent Trocheck 29 (Joel Edmundson 25) at 1:18

Penalties :
Brett Connolly (Bre) for Cross-checking (Minor) at 5:02, Blake Geoffrion (Bre) for Interference (Minor) at 9:07, Mark Mancari (Tol) for Hooking (Minor) at 14:42

3rd period

4. Sewer Rats , Mark Mancari 47 (Vincent Trocheck 58) at 0:50 (PP)
5. Sewer Rats , Daniel Carr 33 (Vincent Trocheck 59) at 1:59
6. Sewer Rats , Vincent Trocheck 30 (Joel Edmundson 26, Daniel Carr 48) at 8:56 (PP)
7. Carnivores , Anton Gustafsson 25 (Mark McNeill 25, Trevor Van Riemsdyk 6) at 11:03
8. Sewer Rats , Jared McCann 7 (Erik Condra 32, John Ramage 10) at 12:44 (PP)

Penalties :
Markus Granlund (Bre) for Roughing (Minor) at 0:48, Nicolas Kerdiles (Bre) for Hooking (Minor) at 8:36, Travis Dermott (Bre) for Hooking (Minor) at 12:07, Chris Lawrence (Bre) for Hooking (Minor) at 17:46

Goalie Stats

Felix Sanstrom (Bre), 35 saves from 41 shots - (0.854), L, 0-3-2, 60:00 minutes
Darcy Kuemper (Tol), 26 saves from 28 shots - (0.929), W, 16-10-1, 60:00 minutes

Players Stats for Carnivores

Player Name              G  A  P  +/- PIM S  H  SB GA TA FO     MP     PP MP  PK MP  
------------------------------------------------------------------------------------
Andreas Englund          0  0  0  -1  0   0  0  1  0  0  0/0    21:10   0:00   2:23 
Anton Gustafsson         1  0  1   1  0   8  2  1  2  1  7/14   15:45   0:00   3:56 
Blake Geoffrion          0  1  1  -2  2   3  3  0  0  0  1/1    19:26   1:04   0:00 
Brett Connolly           0  0  0   0  2   1  2  0  0  0  0/0     7:08   0:00   0:00 
Carl Dahlstrom           0  0  0   0  0   0  0  1  0  0  0/0     5:29   0:00   0:00 
Chris Lawrence           0  0  0  -2  2   3  0  2  0  1  0/1    18:59   1:04   0:00 
Christian Djoos          0  0  0   0  0   0  0  2  0  0  0/0    12:58   0:00   2:23 
Hunter Shinkaruk         0  0  0   1  0   1  0  1  2  0  0/1    12:10   0:00   0:17 
Joel Armia               0  0  0   0  0   2  0  0  1  0  0/0    15:02   0:55   0:00 
Josh Morrissey           0  0  0  -1  0   1  1  1  0  2  0/0    25:32   1:14   4:33 
Lucas Wallmark           0  0  0   0  0   0  0  0  0  0  1/1     6:46   0:00   0:00 
Mark McNeill             0  1  1   1  0   1  1  1  0  1  0/0    11:26   0:00   0:00 
Markus Granlund          0  0  0   0  2   1  3  1  0  0  7/13   16:17   0:55   1:16 
Mat Clark                0  0  0   0  0   1  2  2  0  2  0/0    21:43   0:45   4:33 
Mattias Backman          0  0  0   0  0   0  0  1  0  0  0/0    11:38   1:14   0:00 
Nicolas Deslauriers      0  0  0   0  0   0  0  0  0  0  0/0     9:32   0:00   2:46 
Nicolas Kerdiles         0  0  0   0  2   1  2  0  0  0  0/0    18:57   0:55   3:33 
Riley Barber             0  0  0   0  0   0  0  0  0  0  0/1     1:44   0:00   1:44 
Scott Laughton           1  0  1  -2  0   4  2  1  1  0  18/31  19:47   1:04   0:20 
Travis Dermott           0  0  0   0  2   1  2  0  0  0  0/0    16:00   0:45   0:00 
Trevor Van Riemsdyk      0  1  1   0  0   0  0  1  0  0  0/0     5:29   0:00   0:00 

Players Stats for Sewer Rats

Player Name              G  A  P  +/- PIM S  H  SB GA TA FO     MP     PP MP  PK MP  
------------------------------------------------------------------------------------
Anthony Duclair          0  0  0   0  0   1  0  0  0  0  0/0    12:46   0:00   0:00 
Connor Carrick           0  0  0   0  0   1  0  1  0  1  0/0    10:19   0:00   0:00 
Daniel Carr              1  1  2   0  0   4  2  1  1  0  0/2    20:01   3:34   1:09 
Dmitrij Jaskin           0  0  0   1  0   0  0  0  0  0  0/1     7:12   0:00   0:42 
Drake Caggiula           0  0  0   0  0   1  0  0  0  0  2/2    12:58   0:00   0:08 
Erik Condra              0  2  2   0  0   6  0  2  1  1  0/1    21:16   3:22   0:42 
Jared McCann             1  0  1  -1  0   1  2  0  0  0  6/9    14:39   2:34   0:00 
Jarred Tinordi           0  0  0   0  0   0  0  0  1  0  0/0    18:59   2:52   0:48 
Joel Edmundson           0  2  2   1  0   1  1  0  0  0  0/0    25:56   4:04   1:11 
John Ramage              0  1  1   0  0   2  2  1  0  1  0/0    18:59   2:52   0:48 
Jonathan Marchessault    0  1  1   1  0   0  0  1  1  0  1/4     5:05   0:00   0:00 
Joseph Blandisi          1  0  1   0  0   7  0  1  2  0  0/0    20:43   3:22   0:08 
Mark Mancari             1  0  1   0  2   5  1  2  1  0  2/3    18:52   3:34   0:00 
Nick Cousins             0  0  0   0  0   1  3  0  0  0  0/0    13:35   0:48   0:00 
Ryan Murphy              0  0  0   0  0   1  0  0  0  0  0/0    10:19   0:00   0:00 
Stefan Elliott           0  0  0   1  0   2  1  1  0  2  0/0    25:56   4:04   1:11 
Thomas Chabot            0  0  0   0  0   0  0  2  0  0  0/0     4:46   0:00   0:00 
Vincent Trocheck         2  2  4   1  0   7  0  1  0  1  16/36  25:05   3:34   1:09 
Xavier Ouellet           0  0  0   0  0   0  0  0  0  0  0/0     4:46   0:00   0:00 
Zach Aston-Reese         0  0  0   1  0   1  1  0  0  0  2/5     5:48   0:00   0:00 

3 Stars

1 - Vincent Trocheck (Tol)
2 - Daniel Carr (Tol)
3 - Joel Edmundson (Tol)

Power Play

Carnivores - 0 on 1 Attempt(s) - 0.00%
Sewer Rats - 3 on 6 Attempt(s) - 50.00%

Penalty Kill

Carnivores - 3 on 6 Attempt(s) - 50.00% - Score 0 goal in Penalty Kill
Sewer Rats - 1 on 1 Attempt(s) - 100.00% - Score 0 goal in Penalty Kill

Team Stat

Carnivores - Hits : 20 - Faceoff Wins : 34 - Blocked Shots : 16 - Penalty Minutes : 12
Sewer Rats - Hits : 13 - Faceoff Wins : 29 - Blocked Shots : 13 - Penalty Minutes : 2

Official

Referees : Unknown
Linesman : Unknown

Game Notes

Jonathan Marchessault is injured at 13:49 of 1st period (Upper Body)

Finance

Level 1 -- Attendance: 1641 (82.05%) -- Ticket Income $57,435
Level 2 -- Attendance: 882 (88.20%) -- Ticket Income $14,994
Total Attendance: 2523 (84.10%)
Total Ticket Income: $72,429
Other Income: $3,621
Total Income: $76,050

Carnivores

5 vs 5 Forward 
   Center                   Left Wing                Right Wing               Time % Phy DF OF 
 1 Scott Laughton           Blake Geoffrion          Chris Lawrence           40     1   2  2  
 2 Markus Granlund          Nicolas Kerdiles         Joel Armia               30     1   2  2  
 3 Anton Gustafsson         Hunter Shinkaruk         Mark McNeill             20     1   2  2  
 4 Lucas Wallmark           Nicolas Deslauriers      Brett Connolly           10     1   2  2  

5 vs 5 Defense 
   Defense                  Defense                                           Time % Phy DF OF 
 1 Andreas Englund          Josh Morrissey                                    40     1   2  2  
 2 Mat Clark                Travis Dermott                                    30     1   2  2  
 3 Christian Djoos          Mattias Backman                                   20     1   2  2  
 4 Carl Dahlstrom           Trevor Van Riemsdyk                               10     1   2  2  

PowerPlay Forward 
   Center                   Left Wing                Right Wing               Time % Phy DF OF 
 1 Scott Laughton           Blake Geoffrion          Chris Lawrence           60     1   2  2  
 2 Markus Granlund          Nicolas Kerdiles         Joel Armia               40     1   2  2  

PowerPlay Defense
   Defense                  Defense                                           Time % Phy DF OF 
 1 Mattias Backman          Josh Morrissey                                    60     1   2  2  
 2 Mat Clark                Travis Dermott                                    40     1   2  2  

Penalty Kill 4 Players Forward 
   Center                   Wing                     Time % Phy DF OF 
 1 Anton Gustafsson         Nicolas Kerdiles         60     1   2  2  
 2 Markus Granlund          Nicolas Deslauriers      40     1   2  2  

Penalty Kill 4 Players Defense
   Defense                  Defense                  Time % Phy DF OF 
 1 Mat Clark                Josh Morrissey           60     1   2  2  
 2 Andreas Englund          Christian Djoos          40     1   2  2  

Penalty Kill - 3 Players Forward 
   Forward                                           Time % Phy DF OF 
 1 Anton Gustafsson                                  60     1   2  2  
 2 Mark McNeill                                      40     1   2  2  

Penalty Kill - 3 Players Defense
   Defense                  Defense                  Time % Phy DF OF 
 1 Mat Clark                Josh Morrissey           60     1   2  2  
 2 Andreas Englund          Christian Djoos          40     1   2  2  

4 vs 4 Forward 
   Center                   Wing                     Time % Phy DF OF 
 1 Anton Gustafsson         Chris Lawrence           60     1   2  2  
 2 Scott Laughton           Nicolas Kerdiles         40     1   2  2  

4 vs 4 Defense
   Defense                  Defense                  Time % Phy DF OF 
 1 Andreas Englund          Josh Morrissey           60     1   2  2  
 2 Mat Clark                Travis Dermott           40     1   2  2  

Last Minutes Offensive
   Center                   Left Wing                Right Wing               Defense                  Defense                  
   Scott Laughton           Blake Geoffrion          Joel Armia               Mat Clark                Josh Morrissey           

Last Minutes Defensive
   Center                   Left Wing                Right Wing               Defense                  Defense                  
   Markus Granlund          Nicolas Kerdiles         Mark McNeill             Mat Clark                Josh Morrissey           

Goaltenders
Starting : Felix Sanstrom           
Backup : Tristan Jarry            

Extra Forwards
Normal : Riley Barber, Markus Granlund, Mark McNeill - PP : Hunter Shinkaruk, Markus Granlund - PK : Riley Barber
Extra Defensemen
Normal : Josh Morrissey, Mattias Backman, Christian Djoos - PP : Trevor Van Riemsdyk - PK : Andreas Englund, Josh Morrissey
Penalty Shots
Anton Gustafsson, Chris Lawrence, Markus Granlund, Scott Laughton, Joel Armia

Scratches
Ryan Olsen (Healthy), Freddie Hamilton (Healthy), Adam Almquist (Healthy), Sergei Zborovskiy (Healthy), Filip Chlapik (Healthy)
Stanislav Galiev (Healthy), Mark MacMillan (Healthy), Troy Bourke (Healthy), Alexandre Mallet (Healthy), T.J Brodie (Abdominal Strain Injury)
Josh Wesley (Healthy), Linus Ullmark (Healthy)

Sewer Rats

5 vs 5 Forward 
   Center                   Left Wing                Right Wing               Time % Phy DF OF 
 1 Vincent Trocheck         Daniel Carr              Mark Mancari             40     1   2  2  
 2 Jonathan Marchessault    Joseph Blandisi          Erik Condra              30     1   2  2  
 3 Drake Caggiula           Anthony Duclair          Nick Cousins             20     1   2  2  
 4 Zach Aston-Reese         Vincent Trocheck         Dmitrij Jaskin           10     1   2  2  

5 vs 5 Defense 
   Defense                  Defense                                           Time % Phy DF OF 
 1 Stefan Elliott           Joel Edmundson                                    40     1   2  2  
 2 Jarred Tinordi           John Ramage                                       30     1   2  2  
 3 Ryan Murphy              Connor Carrick                                    20     1   2  2  
 4 Thomas Chabot            Xavier Ouellet                                    10     1   2  2  

PowerPlay Forward 
   Center                   Left Wing                Right Wing               Time % Phy DF OF 
 1 Vincent Trocheck         Daniel Carr              Mark Mancari             60     1   2  2  
 2 Jonathan Marchessault    Joseph Blandisi          Erik Condra              40     1   2  2  

PowerPlay Defense
   Defense                  Defense                                           Time % Phy DF OF 
 1 Stefan Elliott           Joel Edmundson                                    60     1   2  2  
 2 Jarred Tinordi           John Ramage                                       40     1   2  2  

Penalty Kill 4 Players Forward 
   Center                   Wing                     Time % Phy DF OF 
 1 Vincent Trocheck         Daniel Carr              60     1   2  2  
 2 Mark Mancari             Erik Condra              40     1   2  2  

Penalty Kill 4 Players Defense
   Defense                  Defense                  Time % Phy DF OF 
 1 Stefan Elliott           Joel Edmundson           60     1   2  2  
 2 Jarred Tinordi           John Ramage              40     1   2  2  

Penalty Kill - 3 Players Forward 
   Forward                                           Time % Phy DF OF 
 1 Vincent Trocheck                                  60     1   2  2  
 2 Daniel Carr                                       40     1   2  2  

Penalty Kill - 3 Players Defense
   Defense                  Defense                  Time % Phy DF OF 
 1 Stefan Elliott           Joel Edmundson           60     1   2  2  
 2 Jarred Tinordi           John Ramage              40     1   2  2  

4 vs 4 Forward 
   Center                   Wing                     Time % Phy DF OF 
 1 Vincent Trocheck         Daniel Carr              60     1   2  2  
 2 Mark Mancari             Erik Condra              40     1   2  2  

4 vs 4 Defense
   Defense                  Defense                  Time % Phy DF OF 
 1 Stefan Elliott           Joel Edmundson           60     1   2  2  
 2 Jarred Tinordi           John Ramage              40     1   2  2  

Last Minutes Offensive
   Center                   Left Wing                Right Wing               Defense                  Defense                  
   Vincent Trocheck         Daniel Carr              Mark Mancari             Stefan Elliott           Joel Edmundson           

Last Minutes Defensive
   Center                   Left Wing                Right Wing               Defense                  Defense                  
   Vincent Trocheck         Daniel Carr              Mark Mancari             Stefan Elliott           Joel Edmundson           

Goaltenders
Starting : Darcy Kuemper            
Backup : Marek Mazanek            

Extra Forwards
Normal : Jared McCann, Nick Cousins, Dmitrij Jaskin - PP : Jared McCann, Nick Cousins - PK : Dmitrij Jaskin
Extra Defensemen
Normal : Ryan Murphy, Connor Carrick, Thomas Chabot - PP : Ryan Murphy - PK : Connor Carrick, Thomas Chabot
Penalty Shots
Vincent Trocheck, Daniel Carr, Mark Mancari, Erik Condra, Jonathan Marchessault

Scratches
Dominik Kubalik (Healthy), Josh Archibald (Healthy), Jonathan Racine (Healthy), Tyler Motte (Healthy), Chris Calhan (Healthy)
Mark Friedman (Healthy), Michael Dal Colle (Healthy), Matteson Iacopelli (Healthy), Adin Hill (Healthy), Antoine Bibeau (Healthy)

% Time on Ice - Carnivores

Lines # - Real PCT - Wanted PCT - Time Play
Normal Forward
1 - 37% - 40% - 18:46
2 - 28% - 30% - 14:07
3 - 22% - 20% - 11:26
4 - 13% - 10% - 6:46
Normal Defense
1 - 39% - 40% - 19:45
2 - 30% - 30% - 15:27
3 - 20% - 20% - 10:24
4 - 11% - 10% - 5:29
PP Forward
1 - 54% - 60% - 1:04
2 - 46% - 40% - 0:55
PP Defense
1 - 62% - 60% - 1:14
2 - 38% - 40% - 0:45
PK Forward
1 - 82% - 60% - 5:40
2 - 18% - 40% - 1:16
PK Defense
1 - 66% - 60% - 4:33
2 - 34% - 40% - 2:23
PK3 Forward
1 - 0% - 60%
2 - 0% - 40%
PK3 Defense
1 - 0% - 60%
2 - 0% - 40%
44 Forward
1 - 0% - 60%
2 - 0% - 40%
44 Defense
1 - 0% - 60%
2 - 0% - 40%
Last Minute Offensive  - 0:00
Last Minute Defensive  - 0:00
Total
Forward - 60:00
Defense - 60:00

% Time on Ice - Sewer Rats

Lines # - Real PCT - Wanted PCT - Time Play
Normal Forward
1 - 30% - 40% - 15:19
2 - 34% - 30% - 17:12
3 - 25% - 20% - 12:46
4 - 11% - 10% - 5:48
Normal Defense
1 - 40% - 40% - 20:41
2 - 30% - 30% - 15:19
3 - 20% - 20% - 10:19
4 - 9% - 10% - 4:46
PP Forward
1 - 51% - 60% - 3:34
2 - 49% - 40% - 3:22
PP Defense
1 - 59% - 60% - 4:04
2 - 41% - 40% - 2:52
PK Forward
1 - 65% - 60% - 1:17
2 - 35% - 40% - 0:42
PK Defense
1 - 60% - 60% - 1:11
2 - 40% - 40% - 0:48
PK3 Forward
1 - 0% - 60%
2 - 0% - 40%
PK3 Defense
1 - 0% - 60%
2 - 0% - 40%
44 Forward
1 - 0% - 60%
2 - 0% - 40%
44 Defense
1 - 0% - 60%
2 - 0% - 40%
Last Minute Offensive  - 0:00
Last Minute Defensive  - 0:00
Total
Forward - 60:00
Defense - 60:00

Play-by-Play

1st period


0:01 of 1st period - Vincent Trocheck wins face-off versus Scott Laughton in neutral zone.
0:14 of 1st period - Wrist shot by Blake Geoffrion.
0:14 of 1st period - Shot Misses the Net.
1:38 of 1st period - Snap shot by Erik Condra.
1:38 of 1st period - Stopped by Felix Sanstrom without a rebound.
1:39 of 1st period - Jonathan Marchessault wins face-off versus Markus Granlund in Carnivores zone.
1:48 of 1st period - Slapshot by Erik Condra.
1:48 of 1st period - Shot Blocked by Christian Djoos.
3:13 of 1st period - Slapshot by Blake Geoffrion.
3:13 of 1st period - Stopped by Darcy Kuemper without a rebound.
3:14 of 1st period - Vincent Trocheck wins face-off versus Hunter Shinkaruk in Sewer Rats zone.
3:24 of 1st period - Snap shot by Daniel Carr.
3:24 of 1st period - Shot Misses the Net.
4:06 of 1st period - Brett Connolly is hit by Zach Aston-Reese and loses puck.
4:18 of 1st period - Icing by John Ramage.
4:19 of 1st period - Anton Gustafsson wins face-off versus Vincent Trocheck in Sewer Rats zone.
4:34 of 1st period - Wrist shot by Vincent Trocheck.
4:34 of 1st period - Stopped by Felix Sanstrom without a rebound.
4:35 of 1st period - Drake Caggiula wins face-off versus Anton Gustafsson in Carnivores zone.
4:40 of 1st period - Wrist shot by Anthony Duclair.
4:40 of 1st period - Stopped by Felix Sanstrom with a rebound.
4:42 of 1st period - Snap shot by Nick Cousins.
4:42 of 1st period - Shot Misses the Net.
4:46 of 1st period - Wrist shot by Nick Cousins.
4:46 of 1st period - Deflect By Drake Caggiula.
4:46 of 1st period - Stopped by Felix Sanstrom with a rebound.
4:48 of 1st period - Wrist shot by Nick Cousins.
4:48 of 1st period - Stopped by Felix Sanstrom with a rebound.
4:50 of 1st period - Slapshot by Anthony Duclair.
4:50 of 1st period - Shot Misses the Net.
5:24 of 1st period - Snap shot by Chris Lawrence.
5:24 of 1st period - Shot Blocked by Erik Condra.
5:26 of 1st period - Slapshot by Chris Lawrence.
5:26 of 1st period - Shot Misses the Net.
5:58 of 1st period - Daniel Carr is hit by Travis Dermott and loses puck.
6:24 of 1st period - Off-side.
6:25 of 1st period - Zach Aston-Reese wins face-off versus Markus Granlund in neutral zone.
6:38 of 1st period - Snap shot by Nicolas Kerdiles.
6:38 of 1st period - Shot Misses the Net.
7:43 of 1st period - Snap shot by Brett Connolly.
7:43 of 1st period - Shot Misses the Net.
7:55 of 1st period - Snap shot by Anthony Duclair.
7:55 of 1st period - Shot Misses the Net.
8:05 of 1st period - Wrist shot by Scott Laughton.
8:05 of 1st period - Deflect By Blake Geoffrion.
8:05 of 1st period - Stopped by Darcy Kuemper without a rebound.
8:06 of 1st period - Scott Laughton wins face-off versus Jonathan Marchessault in Sewer Rats zone.
8:21 of 1st period - Snap shot by Blake Geoffrion.
8:21 of 1st period - Stopped by Darcy Kuemper with a rebound.
8:31 of 1st period - Erik Condra is hit by Mark McNeill and loses puck.
8:46 of 1st period - Erik Condra is hit by Mat Clark.
10:08 of 1st period - Slapshot by Anton Gustafsson.
10:08 of 1st period - Stopped by Darcy Kuemper with a rebound.
10:18 of 1st period - Jarred Tinordi is hit by Blake Geoffrion and loses puck.
10:29 of 1st period - Wrist shot by Blake Geoffrion.
10:29 of 1st period - Deflect By Chris Lawrence.
10:29 of 1st period - Stopped by Darcy Kuemper without a rebound.
10:30 of 1st period - Markus Granlund wins face-off versus Vincent Trocheck in Sewer Rats zone.
11:10 of 1st period - Snap shot by Joseph Blandisi.
11:10 of 1st period - Goal by Joseph Blandisi - Carnivores : 0 - Sewer Rats : 1.
11:11 of 1st period - Mark Mancari wins face-off versus Scott Laughton in neutral zone.
11:19 of 1st period - Snap shot by Mark Mancari.
11:19 of 1st period - Shot Misses the Net.
11:21 of 1st period - Slapshot by Joel Edmundson.
11:21 of 1st period - Shot Blocked by Mat Clark.
11:23 of 1st period - Slapshot by Joel Edmundson.
11:23 of 1st period - Deflect By Daniel Carr.
11:23 of 1st period - Shot Misses the Net.
11:23 of 1st period - Puck is out of play.
11:24 of 1st period - Vincent Trocheck wins face-off versus Scott Laughton in Carnivores zone.
11:33 of 1st period - Slapshot by Chris Lawrence.
11:33 of 1st period - Shot Blocked by Daniel Carr.
11:51 of 1st period - Joel Edmundson is hit by Markus Granlund.
12:25 of 1st period - Icing by Josh Morrissey.
12:26 of 1st period - Anton Gustafsson wins face-off versus Vincent Trocheck in Carnivores zone.
12:51 of 1st period - Mark McNeill is hit by Nick Cousins and loses puck.
13:10 of 1st period - Icing by Travis Dermott.
13:11 of 1st period - Scott Laughton wins face-off versus Jonathan Marchessault in Carnivores zone.
13:13 of 1st period - Icing by Chris Lawrence.
13:14 of 1st period - Scott Laughton wins face-off versus Jonathan Marchessault in Carnivores zone.
13:28 of 1st period - Snap shot by Erik Condra.
13:28 of 1st period - Shot Blocked by Mat Clark.
13:37 of 1st period - Snap shot by Scott Laughton.
13:37 of 1st period - Shot Misses the Net.
13:39 of 1st period - Slapshot by Travis Dermott.
13:39 of 1st period - Deflect By John Ramage.
13:39 of 1st period - Stopped by Darcy Kuemper with a rebound.
13:41 of 1st period - Wrist shot by Chris Lawrence.
13:41 of 1st period - Stopped by Darcy Kuemper with a rebound.
13:43 of 1st period - Slapshot by Mat Clark.
13:43 of 1st period - Shot Blocked by Erik Condra.
13:45 of 1st period - Snap shot by Chris Lawrence.
13:45 of 1st period - Shot Misses the Net.
13:47 of 1st period - Slapshot by Mat Clark.
13:47 of 1st period - Shot Blocked by John Ramage.
13:49 of 1st period - Snap shot by Blake Geoffrion.
13:49 of 1st period - Shot Blocked by Jonathan Marchessault.
13:49 of 1st period - Jonathan Marchessault from Sewer Rats is injured at 13:49 of 1st period (Upper Body).
13:50 of 1st period - Markus Granlund wins face-off versus Vincent Trocheck in Sewer Rats zone.
13:55 of 1st period - Snap shot by Joel Armia.
13:55 of 1st period - Stopped by Darcy Kuemper without a rebound.
13:56 of 1st period - Markus Granlund wins face-off versus Daniel Carr in Sewer Rats zone.
14:03 of 1st period - Wrist shot by Nicolas Kerdiles.
14:03 of 1st period - Shot Blocked by Mark Mancari.
14:05 of 1st period - Wrist shot by Joel Armia.
14:05 of 1st period - Shot Misses the Net.
14:07 of 1st period - Wrist shot by Joel Armia.
14:07 of 1st period - Shot Blocked by Mark Mancari.
14:09 of 1st period - Slapshot by Nicolas Kerdiles.
14:09 of 1st period - Shot Blocked by Vincent Trocheck.
14:11 of 1st period - Snap shot by Mattias Backman.
14:11 of 1st period - Deflect By Markus Granlund.
14:11 of 1st period - Stopped by Darcy Kuemper with a rebound.
14:23 of 1st period - Snap shot by Daniel Carr.
14:23 of 1st period - Stopped by Felix Sanstrom with a rebound.
14:47 of 1st period - Wrist shot by Anton Gustafsson.
14:47 of 1st period - Stopped by Darcy Kuemper without a rebound.
14:48 of 1st period - Anton Gustafsson wins face-off versus Jared McCann in Sewer Rats zone.
14:49 of 1st period - Wrist shot by Hunter Shinkaruk.
14:49 of 1st period - Stopped by Darcy Kuemper with a rebound.
15:11 of 1st period - Andreas Englund is hit by Jared McCann and loses puck.
15:26 of 1st period - Wrist shot by Erik Condra.
15:26 of 1st period - Stopped by Felix Sanstrom with a rebound.
15:28 of 1st period - Snap shot by Erik Condra.
15:28 of 1st period - Stopped by Felix Sanstrom with a rebound.
15:30 of 1st period - Snap shot by John Ramage.
15:30 of 1st period - Shot Blocked by Mark McNeill.
15:40 of 1st period - Snap shot by Erik Condra.
15:40 of 1st period - Shot Blocked by Andreas Englund.
16:11 of 1st period - Wrist shot by Hunter Shinkaruk.
16:11 of 1st period - Shot Hit the Post.
16:13 of 1st period - Slapshot by Mark McNeill.
16:13 of 1st period - Shot Blocked by Joseph Blandisi.
16:17 of 1st period - Snap shot by Anton Gustafsson.
16:17 of 1st period - Stopped by Darcy Kuemper with a rebound.
16:19 of 1st period - Backhand shot by Anton Gustafsson.
16:19 of 1st period - Shot Blocked by Thomas Chabot.
16:21 of 1st period - Wrist shot by Hunter Shinkaruk.
16:21 of 1st period - Shot Misses the Net.
16:23 of 1st period - Wrist shot by Josh Morrissey.
16:23 of 1st period - Stopped by Darcy Kuemper without a rebound.
16:24 of 1st period - Scott Laughton wins face-off versus Vincent Trocheck in Sewer Rats zone.
16:46 of 1st period - Icing by Vincent Trocheck.
16:47 of 1st period - Markus Granlund wins face-off versus Vincent Trocheck in Sewer Rats zone.
16:52 of 1st period - Wrist shot by Joel Armia.
16:52 of 1st period - Stopped by Darcy Kuemper with a rebound.
17:03 of 1st period - Nicolas Kerdiles is hit by Mark Mancari and loses puck.
17:20 of 1st period - Snap shot by Blake Geoffrion.
17:20 of 1st period - Shot Misses the Net.
17:22 of 1st period - Wrist shot by Scott Laughton.
17:22 of 1st period - Goal by Scott Laughton - Carnivores : 1 - Sewer Rats : 1.
17:23 of 1st period - Drake Caggiula wins face-off versus Scott Laughton in neutral zone.
18:09 of 1st period - Snap shot by Nicolas Kerdiles.
18:09 of 1st period - Stopped by Darcy Kuemper without a rebound.
18:10 of 1st period - Jared McCann wins face-off versus Markus Granlund in Sewer Rats zone.
18:20 of 1st period - Wrist shot by Joseph Blandisi.
18:20 of 1st period - Stopped by Felix Sanstrom without a rebound.
18:21 of 1st period - Mark Mancari wins face-off versus Scott Laughton in Carnivores zone.
18:22 of 1st period - Slapshot by Vincent Trocheck.
18:22 of 1st period - Shot Misses the Net.
18:24 of 1st period - Snap shot by Mark Mancari.
18:24 of 1st period - Stopped by Felix Sanstrom with a rebound.
18:26 of 1st period - Slapshot by Stefan Elliott.
18:26 of 1st period - Shot Blocked by Carl Dahlstrom.
18:31 of 1st period - Wrist shot by Daniel Carr.
18:31 of 1st period - Shot Blocked by Trevor Van Riemsdyk.
18:33 of 1st period - Backhand shot by Daniel Carr.
18:33 of 1st period - Stopped by Felix Sanstrom with a rebound.
18:47 of 1st period - Joel Edmundson is hit by Nicolas Kerdiles and loses puck.
19:32 of 1st period - Wrist shot by Vincent Trocheck.
19:32 of 1st period - Shot Blocked by Mattias Backman.
19:34 of 1st period - Wrist shot by Vincent Trocheck.
19:34 of 1st period - Deflect By Mark Mancari.
19:34 of 1st period - Shot Misses the Net.
19:34 of 1st period - Puck is out of play.
19:35 of 1st period - Vincent Trocheck wins face-off versus Scott Laughton in Carnivores zone.
Goals for this period are 1 for Carnivores vs 1 for Sewer Rats.
Shots for this period are 16 for Carnivores vs 12 for Sewer Rats.

2nd period


0:01 of 2nd period - Markus Granlund wins face-off versus Vincent Trocheck in neutral zone.
0:08 of 2nd period - Snap shot by Markus Granlund.
0:08 of 2nd period - Shot Misses the Net.
0:37 of 2nd period - Snap shot by Joseph Blandisi.
0:37 of 2nd period - Shot Misses the Net.
1:16 of 2nd period - Snap shot by Vincent Trocheck.
1:16 of 2nd period - Shot Misses the Net.
1:18 of 2nd period - Snap shot by Vincent Trocheck.
1:18 of 2nd period - Goal by Vincent Trocheck - Carnivores : 1 - Sewer Rats : 2.
1:19 of 2nd period - Vincent Trocheck wins face-off versus Chris Lawrence in neutral zone.
1:53 of 2nd period - Snap shot by Mark Mancari.
1:53 of 2nd period - Stopped by Felix Sanstrom with a rebound.
2:07 of 2nd period - Lucas Wallmark is hit by Nick Cousins and loses puck.
3:05 of 2nd period - Snap shot by Vincent Trocheck.
3:05 of 2nd period - Shot Blocked by Chris Lawrence.
3:07 of 2nd period - Snap shot by Zach Aston-Reese.
3:07 of 2nd period - Stopped by Felix Sanstrom without a rebound.
3:08 of 2nd period - Scott Laughton wins face-off versus Zach Aston-Reese in Carnivores zone.
3:40 of 2nd period - Drake Caggiula is hit by Mat Clark and loses puck.
3:50 of 2nd period - Icing by Nicolas Kerdiles.
3:51 of 2nd period - Markus Granlund wins face-off versus Jared McCann in Carnivores zone.
4:22 of 2nd period - Slapshot by Joseph Blandisi.
4:22 of 2nd period - Stopped by Felix Sanstrom without a rebound.
4:23 of 2nd period - Vincent Trocheck wins face-off versus Markus Granlund in Carnivores zone.
4:48 of 2nd period - Vincent Trocheck is hit by Josh Morrissey and loses puck.
5:02 of 2nd period - Minor Penalty to Brett Connolly for Cross-checking.
5:03 of 2nd period - Jared McCann wins face-off versus Anton Gustafsson in Carnivores zone.
5:03 of 2nd period - Snap shot by Joseph Blandisi.
5:03 of 2nd period - Stopped by Felix Sanstrom with a rebound.
5:05 of 2nd period - Snap shot by Erik Condra.
5:05 of 2nd period - Deflect By Joseph Blandisi.
5:05 of 2nd period - Stopped by Felix Sanstrom without a rebound.
5:06 of 2nd period - Jared McCann wins face-off versus Anton Gustafsson in Carnivores zone.
5:19 of 2nd period - Snap shot by Joseph Blandisi.
5:19 of 2nd period - Shot Misses the Net.
5:21 of 2nd period - Slapshot by Jared McCann.
5:21 of 2nd period - Shot Misses the Net.
6:03 of 2nd period - Christian Djoos is hit by John Ramage and loses puck.
6:46 of 2nd period - Icing by Daniel Carr.
6:47 of 2nd period - Vincent Trocheck wins face-off versus Riley Barber in Sewer Rats zone.
7:02 of 2nd period - Penalty to Brett Connolly is over, Brett Connolly is back on ice.
7:06 of 2nd period - Slapshot by Nicolas Kerdiles.
7:06 of 2nd period - Shot Misses the Net.
7:18 of 2nd period - Slapshot by Nick Cousins.
7:18 of 2nd period - Shot Misses the Net.
7:32 of 2nd period - Snap shot by Chris Lawrence.
7:32 of 2nd period - Shot Misses the Net.
7:34 of 2nd period - Wrist shot by Mat Clark.
7:34 of 2nd period - Stopped by Darcy Kuemper with a rebound.
8:46 of 2nd period - Wrist shot by Anton Gustafsson.
8:46 of 2nd period - Shot Blocked by Thomas Chabot.
8:48 of 2nd period - Slapshot by Anton Gustafsson.
8:48 of 2nd period - Stopped by Darcy Kuemper with a rebound.
8:50 of 2nd period - Slapshot by Anton Gustafsson.
8:50 of 2nd period - Stopped by Darcy Kuemper without a rebound.
8:51 of 2nd period - Anton Gustafsson wins face-off versus Zach Aston-Reese in Sewer Rats zone.
8:52 of 2nd period - Snap shot by Mark McNeill.
8:52 of 2nd period - Stopped by Darcy Kuemper without a rebound.
8:53 of 2nd period - Zach Aston-Reese wins face-off versus Scott Laughton in Sewer Rats zone.
9:00 of 2nd period - Snap shot by Zach Aston-Reese.
9:00 of 2nd period - Shot Misses the Net.
9:02 of 2nd period - Backhand shot by Vincent Trocheck.
9:02 of 2nd period - Stopped by Felix Sanstrom with a rebound.
9:07 of 2nd period - Minor Penalty to Blake Geoffrion for Interference.
9:08 of 2nd period - Vincent Trocheck wins face-off versus Anton Gustafsson in Carnivores zone.
9:14 of 2nd period - Wrist shot by Vincent Trocheck.
9:14 of 2nd period - Deflect By Mark Mancari.
9:14 of 2nd period - Stopped by Felix Sanstrom with a rebound.
11:07 of 2nd period - Penalty to Blake Geoffrion is over, Blake Geoffrion is back on ice.
12:21 of 2nd period - Nick Cousins is hit by Nicolas Kerdiles and loses puck.
12:48 of 2nd period - Mattias Backman is hit by Daniel Carr and loses puck.
14:22 of 2nd period - Snap shot by Anton Gustafsson.
14:22 of 2nd period - Stopped by Darcy Kuemper without a rebound.
14:23 of 2nd period - Jared McCann wins face-off versus Anton Gustafsson in Sewer Rats zone.
14:23 of 2nd period - Jared McCann is hit by Anton Gustafsson.
14:42 of 2nd period - Minor Penalty to Mark Mancari for Hooking.
14:43 of 2nd period - Blake Geoffrion wins face-off versus Vincent Trocheck in Sewer Rats zone.
15:24 of 2nd period - Off-side.
15:25 of 2nd period - Scott Laughton wins face-off versus Dmitrij Jaskin in neutral zone.
15:30 of 2nd period - Erik Condra is hit by Scott Laughton and loses puck.
16:42 of 2nd period - Penalty to Mark Mancari is over, Mark Mancari is back on ice.
19:35 of 2nd period - Connor Carrick is hit by Brett Connolly and loses puck.
19:40 of 2nd period - Snap shot by Brett Connolly.
19:40 of 2nd period - Shot Misses the Net.
Goals for this period are 0 for Carnivores vs 1 for Sewer Rats.
Shots for this period are 5 for Carnivores vs 8 for Sewer Rats.

3rd period


0:01 of 3rd period - Scott Laughton wins face-off versus Vincent Trocheck in neutral zone.
0:06 of 3rd period - Snap shot by Blake Geoffrion.
0:06 of 3rd period - Deflect By Scott Laughton.
0:06 of 3rd period - Stopped by Darcy Kuemper without a rebound.
0:07 of 3rd period - Scott Laughton wins face-off versus Vincent Trocheck in Sewer Rats zone.
0:48 of 3rd period - Minor Penalty to Markus Granlund for Roughing.
0:49 of 3rd period - Vincent Trocheck wins face-off versus Anton Gustafsson in Carnivores zone.
0:50 of 3rd period - Slapshot by Mark Mancari.
0:50 of 3rd period - Goal by Mark Mancari - Carnivores : 1 - Sewer Rats : 3.
0:51 of 3rd period - Scott Laughton wins face-off versus Mark Mancari in neutral zone.
0:54 of 3rd period - Mark Mancari is hit by Travis Dermott and loses puck.
1:05 of 3rd period - Backhand shot by Mat Clark.
1:05 of 3rd period - Shot Misses the Net.
1:17 of 3rd period - Travis Dermott is hit by Joel Edmundson and loses puck.
1:47 of 3rd period - Slapshot by Erik Condra.
1:47 of 3rd period - Shot Misses the Net.
1:49 of 3rd period - Snap shot by Connor Carrick.
1:49 of 3rd period - Stopped by Felix Sanstrom without a rebound.
1:50 of 3rd period - Vincent Trocheck wins face-off versus Scott Laughton in Carnivores zone.
1:59 of 3rd period - Wrist shot by Daniel Carr.
1:59 of 3rd period - Goal by Daniel Carr - Carnivores : 1 - Sewer Rats : 4.
2:00 of 3rd period - Vincent Trocheck wins face-off versus Scott Laughton in neutral zone.
2:00 of 3rd period - Vincent Trocheck is hit by Blake Geoffrion.
2:04 of 3rd period - Slapshot by Joel Edmundson.
2:04 of 3rd period - Stopped by Felix Sanstrom with a rebound.
2:13 of 3rd period - Stefan Elliott is hit by Scott Laughton and loses puck.
2:36 of 3rd period - Icing by Markus Granlund.
2:37 of 3rd period - Markus Granlund wins face-off versus Vincent Trocheck in Carnivores zone.
2:50 of 3rd period - Mat Clark is hit by Daniel Carr and loses puck.
3:29 of 3rd period - Wrist shot by Nick Cousins.
3:29 of 3rd period - Shot Blocked by Hunter Shinkaruk.
3:31 of 3rd period - Slapshot by John Ramage.
3:31 of 3rd period - Stopped by Felix Sanstrom without a rebound.
3:32 of 3rd period - Vincent Trocheck wins face-off versus Scott Laughton in Carnivores zone.
3:33 of 3rd period - Snap shot by Mark Mancari.
3:33 of 3rd period - Stopped by Felix Sanstrom with a rebound.
5:11 of 3rd period - Snap shot by Daniel Carr.
5:11 of 3rd period - Shot Misses the Net.
5:13 of 3rd period - Slapshot by John Ramage.
5:13 of 3rd period - Shot Blocked by Christian Djoos.
5:15 of 3rd period - Slapshot by Vincent Trocheck.
5:15 of 3rd period - Stopped by Felix Sanstrom with a rebound.
5:17 of 3rd period - Slapshot by John Ramage.
5:17 of 3rd period - Stopped by Felix Sanstrom without a rebound.
5:18 of 3rd period - Jared McCann wins face-off versus Scott Laughton in Carnivores zone.
5:19 of 3rd period - Wrist shot by Erik Condra.
5:19 of 3rd period - Stopped by Felix Sanstrom with a rebound.
5:21 of 3rd period - Wrist shot by Joseph Blandisi.
5:21 of 3rd period - Stopped by Felix Sanstrom without a rebound.
5:22 of 3rd period - Scott Laughton wins face-off versus Erik Condra in Carnivores zone.
5:29 of 3rd period - Snap shot by Erik Condra.
5:29 of 3rd period - Shot Blocked by Chris Lawrence.
5:31 of 3rd period - Snap shot by Erik Condra.
5:31 of 3rd period - Stopped by Felix Sanstrom with a rebound.
5:33 of 3rd period - Wrist shot by Joseph Blandisi.
5:33 of 3rd period - Shot Hit the Post.
6:17 of 3rd period - Travis Dermott is hit by Nick Cousins and loses puck.
6:32 of 3rd period - Slapshot by Mat Clark.
6:32 of 3rd period - Deflect By Nicolas Deslauriers.
6:32 of 3rd period - Shot Blocked by Connor Carrick.
6:32 of 3rd period - Puck is out of play.
6:33 of 3rd period - Lucas Wallmark wins face-off versus Zach Aston-Reese in Sewer Rats zone.
6:38 of 3rd period - Snap shot by Nicolas Deslauriers.
6:38 of 3rd period - Shot Misses the Net.
7:29 of 3rd period - Snap shot by Drake Caggiula.
7:29 of 3rd period - Shot Blocked by Markus Granlund.
7:51 of 3rd period - Snap shot by Anton Gustafsson.
7:51 of 3rd period - Stopped by Darcy Kuemper without a rebound.
7:52 of 3rd period - Jared McCann wins face-off versus Scott Laughton in Sewer Rats zone.
8:36 of 3rd period - Minor Penalty to Nicolas Kerdiles for Hooking.
8:37 of 3rd period - Vincent Trocheck wins face-off versus Anton Gustafsson in Carnivores zone.
8:44 of 3rd period - Backhand shot by Vincent Trocheck.
8:44 of 3rd period - Stopped by Felix Sanstrom without a rebound.
8:45 of 3rd period - Anton Gustafsson wins face-off versus Vincent Trocheck in Carnivores zone.
8:56 of 3rd period - Snap shot by Vincent Trocheck.
8:56 of 3rd period - Goal by Vincent Trocheck - Carnivores : 1 - Sewer Rats : 5.
8:57 of 3rd period - Scott Laughton wins face-off versus Vincent Trocheck in neutral zone.
9:07 of 3rd period - Snap shot by Daniel Carr.
9:07 of 3rd period - Deflect By Scott Laughton.
9:07 of 3rd period - Stopped by Felix Sanstrom with a rebound.
10:05 of 3rd period - Mark Mancari is hit by Brett Connolly and loses puck.
10:12 of 3rd period - Snap shot by Brett Connolly.
10:12 of 3rd period - Stopped by Darcy Kuemper with a rebound.
10:26 of 3rd period - Wrist shot by Scott Laughton.
10:26 of 3rd period - Stopped by Darcy Kuemper with a rebound.
10:55 of 3rd period - Wrist shot by Erik Condra.
10:55 of 3rd period - Shot Misses the Net.
11:03 of 3rd period - Snap shot by Anton Gustafsson.
11:03 of 3rd period - Goal by Anton Gustafsson - Carnivores : 2 - Sewer Rats : 5.
11:04 of 3rd period - Scott Laughton wins face-off versus Vincent Trocheck in neutral zone.
11:06 of 3rd period - Off-side.
11:07 of 3rd period - Scott Laughton wins face-off versus Vincent Trocheck in neutral zone.
11:20 of 3rd period - Snap shot by Scott Laughton.
11:20 of 3rd period - Stopped by Darcy Kuemper with a rebound.
11:34 of 3rd period - Markus Granlund is hit by Jared McCann and loses puck.
12:07 of 3rd period - Minor Penalty to Travis Dermott for Hooking.
12:08 of 3rd period - Anton Gustafsson wins face-off versus Vincent Trocheck in Carnivores zone.
12:42 of 3rd period - Backhand shot by Erik Condra.
12:42 of 3rd period - Shot Misses the Net.
12:44 of 3rd period - Wrist shot by Jared McCann.
12:44 of 3rd period - Goal by Jared McCann - Carnivores : 2 - Sewer Rats : 6.
12:45 of 3rd period - Scott Laughton wins face-off versus Daniel Carr in neutral zone.
12:48 of 3rd period - Snap shot by Scott Laughton.
12:48 of 3rd period - Shot Blocked by Stefan Elliott.
13:10 of 3rd period - Jared McCann is hit by Markus Granlund and loses puck.
13:33 of 3rd period - Wrist shot by Nick Cousins.
13:33 of 3rd period - Shot Misses the Net.
13:35 of 3rd period - Snap shot by Stefan Elliott.
13:35 of 3rd period - Deflect By Anton Gustafsson.
13:35 of 3rd period - Stopped by Felix Sanstrom with a rebound.
13:37 of 3rd period - Snap shot by Anthony Duclair.
13:37 of 3rd period - Shot Blocked by Anton Gustafsson.
13:39 of 3rd period - Slapshot by Stefan Elliott.
13:39 of 3rd period - Deflect By Anthony Duclair.
13:39 of 3rd period - Shot Misses the Net.
13:39 of 3rd period - Puck is out of play.
13:40 of 3rd period - Vincent Trocheck wins face-off versus Scott Laughton in Carnivores zone.
14:31 of 3rd period - Jarred Tinordi is hit by Anton Gustafsson and loses puck.
14:54 of 3rd period - Wrist shot by Ryan Murphy.
14:54 of 3rd period - Stopped by Felix Sanstrom with a rebound.
15:04 of 3rd period - Jared McCann is hit by Blake Geoffrion and loses puck.
15:08 of 3rd period - Icing by Jared McCann.
15:09 of 3rd period - Scott Laughton wins face-off versus Jared McCann in Sewer Rats zone.
15:10 of 3rd period - Wrist shot by Chris Lawrence.
15:10 of 3rd period - Stopped by Darcy Kuemper with a rebound.
15:26 of 3rd period - Wrist shot by Joseph Blandisi.
15:26 of 3rd period - Shot Blocked by Scott Laughton.
15:42 of 3rd period - Snap shot by Erik Condra.
15:42 of 3rd period - Shot Misses the Net.
15:44 of 3rd period - Snap shot by Erik Condra.
15:44 of 3rd period - Stopped by Felix Sanstrom with a rebound.
15:46 of 3rd period - Slapshot by Stefan Elliott.
15:46 of 3rd period - Stopped by Felix Sanstrom with a rebound.
15:48 of 3rd period - Snap shot by Joseph Blandisi.
15:48 of 3rd period - Shot Blocked by Josh Morrissey.
15:50 of 3rd period - Wrist shot by Erik Condra.
15:50 of 3rd period - Deflect By Joseph Blandisi.
15:50 of 3rd period - Stopped by Felix Sanstrom without a rebound.
15:51 of 3rd period - Vincent Trocheck wins face-off versus Markus Granlund in Carnivores zone.
16:03 of 3rd period - Off-side.
16:04 of 3rd period - Vincent Trocheck wins face-off versus Markus Granlund in neutral zone.
16:07 of 3rd period - Wrist shot by Vincent Trocheck.
16:07 of 3rd period - Stopped by Felix Sanstrom with a rebound.
16:15 of 3rd period - Joel Edmundson is hit by Markus Granlund and loses puck.
17:16 of 3rd period - Off-side.
17:17 of 3rd period - Scott Laughton wins face-off versus Vincent Trocheck in neutral zone.
17:21 of 3rd period - Off-side.
17:22 of 3rd period - Scott Laughton wins face-off versus Vincent Trocheck in neutral zone.
17:24 of 3rd period - Off-side.
17:25 of 3rd period - Scott Laughton wins face-off versus Vincent Trocheck in neutral zone.
17:46 of 3rd period - Minor Penalty to Chris Lawrence for Hooking.
17:47 of 3rd period - Anton Gustafsson wins face-off versus Vincent Trocheck in Carnivores zone.
18:18 of 3rd period - Markus Granlund is hit by John Ramage.
19:46 of 3rd period - Penalty to Chris Lawrence is over, Chris Lawrence is back on ice.
19:55 of 3rd period - Blake Geoffrion is hit by Stefan Elliott and loses puck.
Goals for this period are 1 for Carnivores vs 4 for Sewer Rats.
Shots for this period are 7 for Carnivores vs 21 for Sewer Rats.